 Dungeon Crawl Stone Soup version 0.24-a0-530-g18ba70b503 (webtiles) character file.

Game seed: 3180952278858098480

1053 Bikalo the Slicer (level 8, -4/60 HPs)
             Began as a Kobold Berserker on Aug 9, 2019.
             Was a Priest of Trog.
             Slain by Pikel
             ... wielding a +0 whip of electrocution
              (19 damage)
             ... on level 5 of the Dungeon.
             The game lasted 00:12:13 (5639 turns).

Bikalo the Slicer (Kobold Berserker)                Turns: 5639, Time: 00:12:14

Health: -4/60      AC:  3    Str: 19    XL:     8   Next: 51%
Magic:  8/8        EV: 18    Int: 10    God:    Trog [***...]
Gold:   170        SH:  7    Dex: 17    Spells: 7/7 levels left

rFire    + . .     SeeInvis +   a - +1 short sword
rCold    . . .     Gourm    .   q - +2 buckler
rNeg     . . .     Faith    .   b - +0 animal skin
rPois    .         Spirit   .   (no helmet)
rElec    .         Reflect  .   k - +0 cloak
rCorr    .         Harm     .   (no gloves)
MR       .....                  (no boots)
Stlth    ..........             (no amulet)
HPRegen  0.20/turn              s - ring of see invisible
MPRegen  0.11/turn              h - ring of protection from fire

@: berserking (expiring), very quick
A: small, carnivore, clever 1, frail 2
a: Berserk, Trog's Hand, Renounce Religion


You were on level 5 of the Dungeon.
You worshipped Trog.
Trog was most pleased with you.
You were full.

You visited 1 branch of the dungeon, and saw 5 of its levels.
You also visited: Ossuary.

You collected 170 gold pieces.

Inventory:

Hand Weapons
 a - a +1 short sword (weapon)
Armour
 b - a +0 animal skin (worn)
 k - a +0 cloak (worn)
 q - a +2 buckler (worn)
 t - a +1 buckler
Jewellery
 f - an uncursed ring of fire
 h - a ring of protection from fire (right hand)
 j - an uncursed ring of ice
 p - an uncursed ring of stealth
 s - a ring of see invisible (left hand)
 v - an uncursed ring of flight
Wands
 y - a wand of polymorph (4)
Scrolls
 d - a scroll of magic mapping
 i - 11 scrolls of identify
 l - 2 scrolls of enchant weapon
 m - 2 scrolls of fear
 r - 2 scrolls of remove curse
Potions
 e - 2 potions of flight
 g - a potion of curing
 n - a potion of haste {unknown}
 o - a potion of lignification {unknown}
 w - a potion of might {unknown}
 x - a potion of degeneration {unknown}
 z - 2 potions of heal wounds
 A - 2 potions of invisibility
 B - 2 potions of agility {unknown}
 C - 2 potions of brilliance {unknown}
Comestibles
 c - 10 rations


   Skills:
 + Level 5.9 Fighting
 * Level 9.2 Short Blades
 - Level 1.5 Armour
 + Level 5.8 Dodging
 + Level 2.0 Shields


You had 7 spell levels left.
You didn't know any spells.
Your spell library was empty.

Dungeon Overview and Level Annotations

Branches:
Dungeon (5/15)
 Temple: D:4-7

Altars:
Gozag
Okawaru
Qazlal
Sif Muna
Trog

Shops:
D:4 [

Annotations:
D:5 Pikel


Innate Abilities, Weirdness & Mutations

You are small and have problems with some larger weapons.
You are carnivorous and can eat meat at any time.
Your mind is acute. (Int +2)
You are very frail. (-20% HP)


Message History

You block the slave's attack.
You closely miss Pikel.
Pikel is heavily wounded.
Pikel hits you but does no damage.
You are electrocuted!
You hit Pikel but do no damage.
Pikel is heavily wounded.
The crimson imp hits you. The slave barely misses you.
The slave hits you but does no damage.
You barely miss Pikel.
Pikel is heavily wounded.
Pikel closely misses you.
You puncture Pikel!
Pikel is severely wounded.
The slave hits you! You block the crimson imp's attack. The slave misses you.
You puncture Pikel!
Pikel is almost dead.
Pikel hits you with a +0 whip of electrocution!
* * * LOW HITPOINT WARNING * * *
You are electrocuted!!
You die...

#..###.########
#.............#######
.......########.....##
#.###### ##.#.......##
#.#
##.<....>....##******
#.#
##....⌠.....⌠...,,,,,*
#.#
##.((............,,,,,*
#:#
#..(.(..5pp⌠p.#***,,,,*
#.######.##..((†@Kp.#*
*,*,**
#...>..........#...##
*,,,*
#####.##....#.###.##
*#.p#
#####.#####.#.##*.#*
#..# ..P≈..# #.P.≈≈,..*
#..# ..≈PP.#
*#PP≈≈.*.## #..#
.P≈≈P.# *P?≈PP≈..# #..#
#P♣≈≈.####.P≈PP≈,##
#..# #≈P≈.....#P≈♣P..,*
#..#


You could see Pikel, 4 slaves and a crimson imp.

Vanquished Creatures
  A phantom (D:4)
  2 ogres
  A centaur (D:5)
  2 crimson imps (D:5)
  A centaur zombie (Ossuary)
  2 hounds
  A human zombie (Ossuary)
  An orc priest (D:4)
  A centaur skeleton (D:4)
  3 iguanas
  An orc wizard (D:4)
  2 worker ants (D:4)
  2 big kobold zombies (Ossuary)
  3 mummies
  7 gnolls (D:3)
  5 adders
  An ooze (D:1)
  3 worms
  2 dart slugs (D:1)
  2 leopard geckos
  8 orcs
  2 ball pythons
  5 giant cockroaches
  8 goblins
  8 hobgoblins
  5 jackals
  3 kobolds
  8 bats
  7 frilled lizards
  4 goblin zombies (Ossuary)
  5 hobgoblin zombies (Ossuary)
  A jackal zombie (Ossuary)
  12 kobold zombies (Ossuary)
  9 orc zombies (Ossuary)
  9 rats
  A rat zombie (Ossuary)
138 creatures vanquished.

Notes
Turn   | Place    | Note
-------+----------+-------------------------------------------
     0 | D:1      | Bikalo the Kobold Berserker began the quest for the Orb.
     0 | D:1      | Reached XP level 1. HP: 14/14 MP: 1/1
   385 | D:1      | Reached XP level 2. HP: 18/19 MP: 2/2
   579 | D:1      | Reached XP level 3. HP: 19/23 MP: 3/3
  1122 | D:2      | Reached skill level 5 in Short Blades
  1363 | D:2      | Reached XP level 4. HP: 26/29 MP: 4/4
  1465 | D:2      | Found a deep blue altar of Sif Muna.
  1499 | D:2      | Found an iron altar of Okawaru.
  1667 | D:2      | Found an opulent altar of Gozag.
  1736 | D:3      | Reached ** piety under Trog
  1967 | D:3      | Reached XP level 5. HP: 27/33 MP: 5/5
  2186 | D:3      | Found a stormy altar of Qazlal.
  2217 | D:3      | Noticed an ogre
  2226 | D:3      | Killed an ogre
  2226 | D:3      | Reached skill level 6 in Short Blades
  2226 | D:3      | Reached XP level 6. HP: 39/39 MP: 6/6
  3360 | D:4      | Reached skill level 7 in Short Blades
  3378 | D:4      | Found Riufakk's Armour Shop.
  3418 | D:4      | Found a bloodstained altar of Trog.
  3458 | D:4      | Reached XP level 7. HP: 26/44 MP: 7/7
  3588 | D:4      | Reached *** piety under Trog
  3642 | D:4      | Reached skill level 5 in Fighting
  4670 | D:4      | Reached skill level 8 in Short Blades
  4670 | D:4      | Reached skill level 5 in Dodging
  4863 | D:5      | Entered Level 5 of the Dungeon
  4874 | D:5      | Found a sand-covered staircase.
  4889 | Ossuary  | Entered an ossuary
  5053 | Ossuary  | Reached skill level 1 in Shields
  5143 | Ossuary  | Reached XP level 8. HP: 34/50 MP: 8/8
  5467 | D:5      | Gained mutation: You are somewhat resistant to further
                  | mutation. [potion of mutation]
  5467 | D:5      | Gained mutation: You have sharp fingernails. [potion of
                  | mutation]
  5467 | D:5      | Gained mutation: You have a pair of small antennae on your
                  | head. [potion of mutation]
  5468 | D:5      | Lost mutation: You have a pair of small antennae on your
                  | head. [potion of mutation]
  5468 | D:5      | Lost mutation: You have sharp fingernails. [potion of
                  | mutation]
  5469 | D:5      | Lost mutation: You are somewhat resistant to further
                  | mutation. [potion of mutation]
  5469 | D:5      | Gained mutation: You are frail. (-10% HP) [potion of
                  | mutation]
  5469 | D:5      | Gained mutation: You are very frail. (-20% HP) [potion of
                  | mutation]
  5469 | D:5      | Gained mutation: Your mind is acute. (Int +2) [potion of
                  | mutation]
  5531 | D:5      | Reached skill level 9 in Short Blades
  5619 | D:5      | Noticed Pikel
  5627 | D:5      | Received a gift from Trog
  5639 | D:5      | Slain by Pikel

Levels and vault maps discovered:
D:1:      minmay_arrival_jagged, layout_loops_ring
D:2:      layout_basic, lemuel_blue_sif_altar, lemuel_coloured_pillars_altar,
          okawaru_trees_1, first_ration, serial_bayou_pond_a
D:3:      layout_basic, nicolae_qazlal_general_emergency
D:4:      layout_loops_ring, old_standard_altar, serial_forest,
          infiniplex_forest_end_3, infiniplex_forest_lined_1,
          infiniplex_forest_zigzag_2, infiniplex_forest_straight_1,
          infiniplex_forest_lined_3, infiniplex_forest_zigzag_1,
          infiniplex_forest_join, serial_shops, shop
D:5:      layout_loops_ring, gup_ossuary_entry_pyramid, st_stairs_14,
          grunt_ministairs_9, serial_bayou_lagoon_a, uniq_pikel

Skill      XL: |  1  2  3  4  5  6  7  8 |
---------------+-------------------------+-----
Dodging        | 3 4 5 |  5.8
Short Blades   | 5 6 7 8 9 |  9.2
Fighting       | 4 5 |  5.9
Shields        | 1 2 |  2.0
Armour         | |  1.5

Action                   |  1- 3 |  4- 6 |  7- 9 || total
-------------------------+-------+-------+-------++-------
Melee: Short sword       |   141 |   244 |   376 ||   761
Invok: Berserk           |     1 |     4 |     2 ||     7
       Trog's Hand       |       |       |     1 ||     1
  Use: Potion            |     2 |     1 |     3 ||     6
       Scroll            |       |       |     8 ||     8
 Stab: Sleeping          |       |     3 |     6 ||     9
  Eat: Chunk             |     2 |    17 |     8 ||    27
Armor: Animal skin       |    15 |    32 |    30 ||    77
Dodge: Dodged            |    91 |   181 |   186 ||   458
Block: Buckler           |       |       |    61 ||    61

Table legend:
 A = Non-vault XP
 B = Vault XP
 C = Vault XP percentage of total XP
 D = Non-vault monster count
 E = Vault monster count
 F = Vault count percentage of total count
                 A         B        C        D         E       F
            +---------+---------+-------+---------+---------+-------
      Total |    1161 |     344 |  22.9 |      97 |      41 |  29.7
            +---------+---------+-------+---------+---------+-------
        D:1 |      46 |       0 |   0.0 |      22 |       0 |   0.0
        D:2 |      47 |       0 |   0.0 |      15 |       0 |   0.0
        D:3 |     301 |       0 |   0.0 |      37 |       0 |   0.0
        D:4 |     452 |       0 |   0.0 |      13 |       0 |   0.0
        D:5 |     315 |     132 |  29.5 |      10 |       3 |  23.1
    Ossuary |       0 |     212 | 100.0 |       0 |      38 | 100.0
            +---------+---------+-------+---------+---------+-------
